 Dungeon Crawl Stone Soup version 0.24.0-35-gdb84b6a5db (webtiles) character file.

Game seed: 9527613242310470646, levelgen mode: deterministic

4883 Emblim88 the Lightning Rod (level 10, -4/91 HPs)
             Began as a Deep Dwarf Fighter on Nov 20, 2019.
             Was a Follower of Qazlal.
             Slain by a hornet (10 damage)
             ... on level 8 of the Dungeon.
             The game lasted 00:18:46 (6093 turns).

Emblim88 the Lightning Rod (Deep Dwarf Fighter)     Turns: 6093, Time: 00:18:47

Health: -4/91      AC: 12    Str: 22    XL:     10   Next: 26%
Magic:  5/5        EV:  9    Int:  9    God:    Qazlal [*.....]
Gold:   469        SH: 12    Dex: 13    Spells: 9/9 levels left

rFire    . . .     SeeInvis .   A - +1 flail (holy)
rCold    . . .     Gourm    .   c - +0 shield
rNeg     . . .     Faith    .   r - +2 chain mail {rPois}
rPois    +         Spirit   .   (no helmet)
rElec    .         Reflect  .   (no cloak)
rCorr    +         Harm     .   (no gloves)
MR       +....                  (no boots)
Stlth    ..........             (no amulet)
HPRegen  0.00/turn              d - ring of resist corrosion
MPRegen  0.09/turn              o - ring of flight

@: marked, non-regenerating
A: damage resistance, heal wounds, sense surroundings 2, no regeneration
a: Heal Wounds, Renounce Religion, Evoke Flight


You were on level 8 of the Dungeon.
You worshipped Qazlal.
Qazlal was aware of your devotion.
You were hungry.

You visited 2 branches of the dungeon, and saw 9 of its levels.

You collected 469 gold pieces.

Inventory:

Hand Weapons
 i - a +2 dagger of venom
 z - a +4 rapier
 A - a +1 flail of holy wrath (weapon)
Missiles
 j - 14 poisoned darts (quivered)
Armour
 c - a +0 shield (worn)
 r - a +2 chain mail of poison resistance (worn)
 C - a cursed +0 ring mail
Jewellery
 d - a ring of resist corrosion (left hand)
 e - an uncursed ring of ice
 l - an uncursed ring of ice
 o - a ring of flight (right hand)
 p - an uncursed ring of stealth
Wands
 s - a wand of polymorph (7)
 u - a wand of iceblast (9)
 y - a wand of scattershot (1)
Scrolls
 b - a scroll of magic mapping
 g - 5 scrolls of remove curse
 h - 3 scrolls of teleportation
 n - 2 scrolls of enchant weapon
 t - a scroll of blinking
 v - a scroll of identify
 x - 2 scrolls of fear
Potions
 a - a potion of mutation {unknown}
 k - a potion of lignification
 m - a potion of brilliance {unknown}
 q - a potion of flight
 w - a potion of degeneration
Comestibles
 f - 5 rations


   Skills:
 + Level 6.1 Fighting
   Level 5.8 Axes
 + Level 7.3 Armour
 + Level 5.9 Dodging
 + Level 7.3 Shields
 * Level 7.7 Invocations
 - Level 7.1 Evocations


You had 9 spell levels left.
You didn't know any spells.
Your spell library was empty.

Dungeon Overview and Level Annotations

Branches:
Dungeon (8/15)             Temple (1/1) D:5
   Lair: D:8-11

Altars:
Ashenzari
Cheibriados
Dithmenos
Elyvilon
Fedhas
Gozag
Hepliaklqana
Kikubaaqudgha
Makhleb
Nemelex Xobeh
Okawaru
Qazlal
Ru
Sif Muna
Trog
Uskayaw
Vehumet
Wu Jian
Xom
Yredelemnul
Zin
The Shining One


Innate Abilities, Weirdness & Mutations

You are resistant to damage.
You can heal yourself by infusing magical energy.
You passively map the area around you.
You do not regenerate.


Message History

The hornet completely misses you. The hornet stings you.
* * * LOW HITPOINT WARNING * * *
You block the hornet's attack.
Evoke which item? (* to show all) (? for menu, Esc to quit)
Aiming: Scattershot
Press: ? - help, Shift-Dir - straight line, f - hornet
Aim: a hornet (sparse dust, lightly wounded)
The burst of metal fragments hits the hornet!
The burst of metal fragments hits the hornet.
The burst of metal fragments hits the hornet!
The burst of metal fragments hits the worker ant!
The burst of metal fragments hits the hornet!
You kill the hornet!
Qazlal accepts your kill.
The burst of metal fragments hits the hippogriff!
The worker ant is severely wounded.
The hippogriff is moderately wounded.
You feel yourself speed up. You block the hornet's attack.
The hornet stings you!
You die...

*, , ,*, * * . ,.#, * * , *
.##.# * * , , , . ....#, *
, , ..#...# , * * , ,
#.#...# # * ,* ,,,, * #
#.#...#.# * *
##.##.#.....##. * , , ,
,........@....... , , * ,
......y○######. ** * * *
.......H....# ,.. * * *
*.#.####.###.##..., ,
##.#.##(†a....##..### ### *
, ,.......†!....###.... ...
*
*##.#.#.(#.##.####.######.#
.......(..............##.#
....≈≈†...............##.#


You could see a hippogriff, a hornet and a worker ant.

Vanquished Creatures
  Joseph (D:8)
  A gargoyle (D:6)
  Grinder (D:5)
  3 hornets (D:8)
  2 hippogriffs (D:7)
  Sigmund (D:5)
  A wyvern (D:8)
  Eustachio (D:4)
  A hungry ghost (D:7)
  Edmund (D:5)
  A water moccasin (D:5)
  Duvessa (D:4)
  An orc warrior (D:7)
  A sky beast (D:6)
  2 ice beasts
  A phantom (D:6)
  3 ogres
  A centaur (D:8)
  Blork the orc (D:4)
  3 bullfrogs
  A wyvern zombie (D:7)
  Dowan (D:4)
  A scorpion (D:6)
  An electric eel (D:8)
  A centaur zombie (D:8)
  4 crimson imps
  4 jellies
  3 orc wizards
  2 hounds
  4 orc priests
  A centaur skeleton (D:5)
  An iron imp (D:6)
  6 worker ants
  4 adders
  An ooze (D:5)
  An adder skeleton (D:4)
  3 worms (D:2)
  3 dart slugs
  5 leopard geckos
  12 orcs
  A ball python (D:2)
  3 giant cockroaches
  9 goblins
  5 hobgoblins
  3 iguanas
  2 jackals (D:8)
  6 quokkas
  6 bats
  2 frilled lizards (D:1)
  5 kobolds
  A leopard gecko skeleton (D:7)
  A quokka zombie (D:7)
  8 rats
  A bush (D:1)
140 creatures vanquished.

Vanquished Creatures (others)
  3 toadstools (D:2)
3 creatures vanquished.

Grand Total: 143 creatures vanquished

Notes
Turn   | Place    | Note
-------+----------+-------------------------------------------
     0 | D:1      | Emblim88 the Deep Dwarf Fighter began the quest for the
                  | Orb.
     0 | D:1      | Reached XP level 1. HP: 20/20 MP: 1/1
    19 | D:1      | Reached XP level 2. HP: 24/27 MP: 2/2
   382 | D:1      | Reached XP level 3. HP: 23/34 MP: 3/3
  1679 | D:3      | Found a shimmering blue altar of Sif Muna.
  1693 | D:3      | Reached XP level 4. HP: 40/42 MP: 4/4
  1808 | D:3      | Reached skill level 1 in Evocations
  1818 | D:3      | Found a shimmering altar of Xom.
  1828 | D:3      | Reached XP level 5. HP: 27/49 MP: 6/6
  1876 | D:3      | Found a bloodstained altar of Trog.
  2081 | D:3      | Found an ancient bone altar of Kikubaaqudgha.
  2096 | D:3      | Reached skill level 1 in Dodging
  2423 | D:4      | Noticed an ice beast
  2424 | D:4      | Noticed Eustachio
  2439 | D:4      | Killed an ice beast
  2439 | D:4      | Reached XP level 6. HP: 40/56 MP: 5/7
  2450 | D:4      | Killed Eustachio
  2541 | D:4      | Noticed Dowan
  2542 | D:4      | Noticed Duvessa
  2558 | D:4      | Killed Duvessa
  2558 | D:4      | Reached XP level 7. HP: 31/63 MP: 9/9
  2566 | D:4      | Killed Dowan
  2623 | D:4      | Noticed Blork the orc
  2646 | D:4      | Killed Blork the orc
  2646 | D:4      | Reached skill level 5 in Evocations
  3046 | D:4      | Found an iron altar of Okawaru.
  3288 | D:5      | Entered Level 5 of the Dungeon
  3315 | D:5      | Reached skill level 5 in Armour
  3315 | D:5      | Reached skill level 5 in Shields
  3331 | D:5      | Noticed Grinder
  3352 | D:5      | Killed Grinder
  3352 | D:5      | Reached XP level 8. HP: 44/72 MP: 11/11
  3382 | D:5      | Noticed Sigmund
  3467 | D:5      | Killed Sigmund
  3551 | D:5      | Noticed Edmund
  3566 | D:5      | Killed Edmund
  3691 | D:5      | Reached skill level 5 in Axes
  3694 | D:5      | Found a sparkling altar of Nemelex Xobeh.
  4015 | D:5      | Found a staircase to the Ecumenical Temple.
  4059 | Temple   | Entered the Ecumenical Temple
  4149 | Temple   | Became a worshipper of Qazlal Stormbringer
  4248 | D:5      | Reached skill level 1 in Invocations
  4279 | D:5      | Found a hazy altar of Hepliaklqana.
  4436 | D:6      | Found a radiant altar of Vehumet.
  4592 | D:6      | Found a basalt altar of Yredelemnul.
  4592 | D:6      | Found a sacrificial altar of Ru.
  4657 | D:6      | Noticed a gargoyle
  4692 | D:6      | Killed a gargoyle
  4692 | D:6      | Reached skill level 5 in Fighting
  4692 | D:6      | Gained mutation: You passively map the area around you.
                  | [Deep Dwarf growth]
  4692 | D:6      | Reached XP level 9. HP: 20/81 MP: 13/13
  4928 | D:6      | Found a burning altar of Makhleb.
  4952 | D:6      | Found an opulent altar of Gozag.
  5097 | D:6      | Found a snail-covered altar of Cheibriados.
  5369 | D:7      | Found a shattered altar of Ashenzari.
  5522 | D:7      | HP: 3/81 [ogre/+0 giant club (7)]
  5523 | D:7      | Reached skill level 5 in Invocations
  5560 | D:7      | Reached skill level 5 in Dodging
  5970 | D:8      | Noticed Joseph
  5998 | D:8      | Killed Joseph
  5998 | D:8      | Reached * piety under Qazlal
  6023 | D:8      | Reached XP level 10. HP: 22/91 MP: 10/10
  6085 | D:8      | Paralysed by a hornet for 3 turns
  6093 | D:8      | Slain by a hornet

Levels and vault maps discovered:
D:1:      roderic_crossed_star, layout_loops_ring, minmay_hedge_maze,
          kennysheep_crisscross, amethyst_killhole
D:2:      layout_basic, minmay_gold_behind_fungi
D:3:      layout_basic, kiku_gazebo_garden_becter, lightli_temple_of_fire,
          old_standard_altar, first_ration, dk_xom_monty_hall
D:4:      layout_basic, okawaru_metal_pillars_1_2, uniq_eustachio, uniq_duvessa,
          uniq_blork_the_orc
D:5:      layout_basic, nicolae_overflow_hidden_temple,
          minmay_temple_entry_poolview, nemelex_dance_club_becter, uniq_grinder,
          uniq_edmund, uniq_sigmund
D:6:      layout_loops_ring, makhleb_heckhound_becter, slow_altar_2,
          nicolae_gozag_cash_rules_everything_around_me, kennysheep_mini,
          gammafunk_temple_overflow_elements
D:7:      layout_basic, kennysheep_little_box
D:8:      layout_basic, hangedman_pestilent_swarm, uniq_joseph
Temple:   zaba_magenta_temple

Skill      XL: |  1  2  3  4  5  6  7  8  9 10 |
---------------+-------------------------------+-----
Fighting       | 3 4 5 6 |  6.1
Axes           | 3 4 5 |  5.8
Armour         | 4 5 6 7 |  7.3
Shields        | 4 5 6 7 |  7.3
Evocations     | 2 3 4 6 7 |  7.1
Dodging        | 1 2 3 4 5 |  5.9
Invocations    | 3 6 7 |  7.7

Action                   |  1- 3 |  4- 6 |  7- 9 | 10-12 || total
-------------------------+-------+-------+-------+-------++-------
Melee: War axe           |   187 |    93 |     2 |       ||   282
       Short sword       |       |       |   113 |       ||   113
       Flail             |       |       |   364 |    26 ||   390
Throw: Dart              |       |       |     1 |       ||     1
 Abil: Heal Wounds       |     1 |     1 |    19 |     5 ||    26
Evoke: Wand              |       |       |     5 |     3 ||     8
  Use: Potion            |       |     3 |    12 |       ||    15
       Scroll            |       |     4 |     5 |       ||     9
  Eat: Chunk             |     1 |     1 |     8 |       ||    10
       Ration            |     1 |       |     3 |       ||     4
Armor: Scale mail        |    75 |    29 |       |       ||   104
       Chain mail        |       |    24 |   244 |    41 ||   309
       Skin              |       |       |    23 |       ||    23
Dodge: Dodged            |    53 |    31 |   136 |    35 ||   255
Block: Shield            |    90 |    63 |   243 |    58 ||   454
